[Event "November 21 Early 2023"]
[Site "https://www.chess.com"]
[Date "2023.11.21"]
[Round "7"]
[White "Baskakov, Egor"]
[Black "Djordjevic, Vuk"]
[Result "1-0"]
[Board "25"]
[TimeControl "180+1"]
[WhiteFideId "24197866"]
[BlackFideId "902098"]
[WhiteElo "2225"]
[BlackElo "2425"]
[WhiteTeam "RUS"]
[BlackTeam "SRB"]
[WhiteClock "0:00:46"]
[BlackClock "0:00:02"]

1. e4 e6 2. Nc3 d5 3. g3 Nf6 4. Bg2 d4 5. Nce2 c5 6. d3 Nc6 7. h3 g6 8. f4 Bg7 9. Nf3 O-O 10. O-O b5 11. g4 Bb7 12. Ng3 Qb6 13. f5 exf5 14. gxf5 Rae8 15. Bf4 Kh8 16. Qd2 c4 17. Kh1 Nd7 18. Bh6 Nce5 19. Nxe5 Nxe5 20. Rad1 cxd3 21. cxd3 Bxh6 22. Qxh6 gxf5 23. Qh4 Ng6 24. Qh5 fxe4 25. Nxe4 Bxe4 26. Bxe4 Kg7 27. Rf5 b4 28. Rdf1 Re7 29. Qg5 Qd8 30. Qf6+ Kg8 31. Rh5 Rxe4 32. dxe4 Qe8 33. e5 Qe7 34. Rg5 Qxf6 35. exf6 Rd8 36. h4 Kf8 37. h5 Nh8 38. Rfg1 Ke8 39. Rg8+ 1-0

[Event "November 21 Early 2023"]
[Site "https://www.chess.com"]
[Date "2023.11.21"]
[Round "7"]
[White "Begmuratov, Alisher"]
[Black "Eljanov, Pavel"]
[Result "1-0"]
[Board "26"]
[TimeControl "180+1"]
[WhiteFideId "14203367"]
[BlackFideId "14102951"]
[WhiteElo "2387"]
[BlackElo "2598"]
[WhiteTeam "UZB"]
[BlackTeam "UKR"]
[WhiteClock "0:00:04"]
[BlackClock "0:00:00"]

1. Nf3 d5 2. g3 Nc6 3. d4 Bf5 4. Bg2 Nb4 5. Na3 e6 6. c3 Nc6 7. Nc2 Nf6 8. O-O h6 9. b4 Be7 10. a4 O-O 11. a5 a6 12. Nfe1 e5 13. dxe5 Nxe5 14. Nd3 Nc4 15. Ne3 Nxe3 16. Bxe3 Be4 17. Bc5 Bxg2 18. Kxg2 Re8 19. Bd4 Ne4 20. f3 Nd6 21. Re1 Nf5 22. Bf2 Bf6 23. Qb3 Ne3+ 24. Bxe3 Rxe3 25. Rad1 c6 26. c4 Qe7 27. cxd5 cxd5 28. Kf1 Re8 29. Qc2 Bd4 30. Nf4 Qe5 31. Qa2 Rd8 32. Rd3 g5 33. Ng2 Rxd3 34. exd3 Qf5 35. Qe2 Rc8 36. g4 Qf6 37. Ne3 Bxe3 38. Qxe3 Rc2 39. Re2 Rxe2 40. Kxe2 Qb2+ 41. Qd2 Qe5+ 42. Kf1 Qd4 43. Kg2 Kg7 44. h3 Kg6 45. Kg3 f5 46. Kg2 f4 47. Qe2 Kf7 48. Qc2 Qxb4 49. Qc7+ Ke6 50. Qc8+ Ke5 51. Qh8+ Ke6 52. Qc8+ Ke7 53. Qc7+ Kf6 54. Qd8+ Qe7 55. Qh8+ Kg6 56. Qg8+ Kf6 57. Qh8+ Kf7 58. Qh7+ Ke8 59. Qg8+ Kd7 60. Qxd5+ Kc7 61. Qc4+ Kb8 62. Qe4 Qc5 63. Qe8+ Ka7 64. Qd8 Qc2+ 65. Kf1 Qd1+ 66. Kf2 Qd2+ 67. Kf1 Qe3 68. Kg2 Qe2+ 69. Kg1 Qe1+ 70. Kg2 Qg3+ 71. Kf1 Qxf3+ 72. Ke1 Qe3+ 73. Kd1 f3 74. d4 Qe2+ 75. Kc1 Qc4+ 76. Kd2 Qe2+ 77. Kc3 Qe3+ 78. Kc4 Qe6+ 79. Kb4 f2 80. d5 Qe1+ 81. Kc5 Qc3+ 82. Kd6 1-0

[Event "November 21 Early 2023"]
[Site "https://www.chess.com"]
[Date "2023.11.21"]
[Round "7"]
[White "Javakhadze, Zurab"]
[Black "Aradhya, Garg"]
[Result "1-0"]
[Board "27"]
[TimeControl "180+1"]
[WhiteFideId "13603647"]
[BlackFideId "25006746"]
[WhiteElo "2381"]
[BlackElo "2323"]
[WhiteTeam "GEO"]
[BlackTeam "IND"]
[WhiteClock "0:00:03"]
[BlackClock "0:00:15"]

1. Nf3 Nf6 2. g3 g6 3. Bg2 Bg7 4. O-O O-O 5. d4 d5 6. c4 c6 7. a4 a5 8. Nc3 dxc4 9. e4 Bg4 10. h3 Bxf3 11. Bxf3 Nfd7 12. Be3 e5 13. d5 Nb6 14. dxc6 Qc7 15. cxb7 Qxb7 16. Nb5 Nc6 17. Be2 Nd4 18. Rc1 Rfd8 19. Bxd4 exd4 20. Bxc4 Qxe4 21. Bd3 Qe7 22. Rc7 Rd7 23. Rxd7 Qxd7 24. Qf3 Re8 25. b3 h5 26. h4 Rc8 27. Re1 Nd5 28. Bc4 Nb4 29. Bxf7+ Kh7 30. Re6 Rf8 31. Bxg6+ Kg8 32. Qxh5 Bf6 33. Rd6 Qg7 34. Bf5 Rb8 35. Rd7 Qxd7 36. Bxd7 d3 37. Be6+ Kg7 38. Qf7+ Kh6 39. Qxf6+ Kh7 40. Bf5+ Kg8 41. Qg6+ 1-0

[Event "November 21 Early 2023"]
[Site "https://www.chess.com"]
[Date "2023.11.21"]
[Round "7"]
[White "Piesik, Piotr"]
[Black "BardArtem"]
[Result "1-0"]
[Board "28"]
[TimeControl "180+1"]
[WhiteFideId "1136194"]
[WhiteElo "2309"]
[BlackElo "2854"]
[WhiteTeam "CZE"]
[WhiteClock "0:00:51"]
[BlackClock "0:00:02"]

1. Nf3 d5 2. g3 Nf6 3. Bg2 c6 4. O-O Bf5 5. d3 h6 6. Nbd2 e6 7. Qe1 Be7 8. e4 Bh7 9. Qe2 O-O 10. b3 a5 11. a4 Na6 12. Bb2 Re8 13. Kh1 Qb6 14. Ne1 Nb4 15. f4 dxe4 16. dxe4 Qa6 17. Qxa6 Nxa6 18. Nc4 Nc5 19. e5 Nd5 20. Bd4 Red8 21. Bxd5 Rxd5 22. Be3 Rad8 23. Nxa5 Be4+ 24. Kg1 R5d7 25. b4 Na6 26. c3 c5 27. b5 Nc7 28. Nxb7 Bxb7 29. c4 Ra8 30. a5 Nxb5 31. cxb5 c4 32. Nc2 Be4 33. Rfc1 c3 34. a6 Bd3 35. Nd4 Bc5 36. Rxc3 Bxd4 37. Rxd3 Bxe3+ 38. Rxe3 Rd2 39. a7 Rf8 40. a8=Q Rd1+ 41. Rxd1 1-0

[Event "November 21 Early 2023"]
[Site "https://www.chess.com"]
[Date "2023.11.21"]
[Round "7"]
[White "Szpar, Milosz"]
[Black "Saravana, Krishnan P."]
[Result "1/2-1/2"]
[Board "29"]
[TimeControl "180+1"]
[WhiteFideId "1184989"]
[BlackFideId "5018382"]
[WhiteElo "2446"]
[BlackElo "2167"]
[WhiteTeam "POL"]
[BlackTeam "IND"]
[WhiteClock "0:00:08"]
[BlackClock "0:00:12"]

1. e4 c6 2. d4 d5 3. e5 Qb6 4. a4 Bf5 5. a5 Qc7 6. Nd2 e6 7. Nb3 Nd7 8. Nf3 a6 9. c4 f6 10. exf6 Ngxf6 11. Be2 Bd6 12. O-O O-O 13. Be3 Ng4 14. h3 Nxe3 15. fxe3 Nf6 16. Nh4 Be4 17. Nd2 Rf7 18. Bh5 g6 19. Bg4 Nxg4 20. Qxg4 Bf5 21. Nxf5 exf5 22. Qf3 Rd8 23. cxd5 cxd5 24. Rfc1 Qe7 25. Rc2 Bb8 26. Rac1 Rff8 27. Qf2 f4 28. Re1 fxe3 29. Qxe3 Qxe3+ 30. Rxe3 Ba7 31. Nf3 Rf4 32. Rd3 Rf7 33. Re3 Rf4 34. Re7 Rf7 35. Rxf7 Kxf7 36. Rc7+ Ke6 37. Rxb7 Rd7 38. Ng5+ Kd6 39. Nf7+ Ke6 40. Ng5+ Kd6 41. Rb4 Rc7 42. Nf3 Kc6 43. Kf2 Rf7 44. Ke3 Re7+ 45. Kd3 Kd6 46. Rb3 h6 47. Rc3 g5 48. Ne5 Bxd4 49. Kxd4 Rxe5 50. Rc6+ Kxc6 51. Kxe5 Kc5 52. b3 d4 53. Ke4 Kb4 54. Kxd4 Kxa5 55. Kc4 Kb6 56. Kb4 h5 57. g4 hxg4 58. hxg4 Kc6 59. Ka5 Kb7 60. b4 Ka7 61. b5 axb5 62. Kxb5 Kb7 63. Kc5 Kc7 64. Kd5 Kd7 65. Ke5 Ke7 66. Kf5 Kf7 67. Kxg5 Kg7 68. Kf5 Kf7 69. g5 Kg7 70. g6 Kg8 71. Kf6 Kf8 72. g7+ Kg8 73. Kg6 1/2-1/2

[Event "November 21 Early 2023"]
[Site "https://www.chess.com"]
[Date "2023.11.21"]
[Round "7"]
[White "Martinez Alcantara, Jose Eduardo"]
[Black "Mohammad Fahad, Rahman"]
[Result "1-0"]
[Board "30"]
[TimeControl "180+1"]
[WhiteFideId "3805662"]
[BlackFideId "10207791"]
[WhiteElo "2703"]
[BlackElo "2339"]
[WhiteTeam "PER"]
[BlackTeam "BAN"]
[WhiteClock "0:02:06"]
[BlackClock "0:01:41"]

1. e4 e5 2. d4 exd4 3. Qxd4 Nc6 4. Qe3 Nf6 5. Bd2 Bb4 6. a3 Bxd2+ 7. Nxd2 O-O 8. O-O-O d5 9. f4 Bg4 10. Ngf3 Qe7 11. e5 d4 12. Qb3 Nh5 13. g3 Rfd8 14. Bd3 g6 15. Be4 Na5 16. Qb4 Qxb4 17. axb4 Nc6 18. b5 Na5 19. b4 f5 20. Bd3 a6 21. bxa5 axb5 22. Kb2 Rxa5 23. Ra1 Rda8 24. Rxa5 Rxa5 25. Nxd4 1-0

[Event "November 21 Early 2023"]
[Site "https://www.chess.com"]
[Date "2023.11.21"]
[Round "7"]
[White "Paravyan, David"]
[Black "Tristan, Leonardo"]
[Result "0-1"]
[Board "31"]
[TimeControl "180+1"]
[WhiteFideId "4194985"]
[BlackFideId "113816"]
[WhiteElo "2566"]
[BlackElo "2483"]
[WhiteTeam "FID"]
[BlackTeam "ARG"]
[WhiteClock "0:01:57"]
[BlackClock "0:00:25"]

1. e4 d5 2. exd5 Qxd5 3. Nc3 Qa5 4. d4 Nf6 5. Nf3 Bf5 6. Bc4 e6 7. Bd2 Bb4 8. a3 Bxc3 9. Bxc3 Qb6 10. O-O Nc6 11. d5 O-O-O 12. Ng5 Nxd5 13. Qf3 Nd4 14. Bxd4 Qxd4 15. Bxd5 Rxd5 16. Rad1 Qf6 17. Rxd5 exd5 18. Qg3 Bxc2 19. Nf3 Rd8 20. Rc1 Qxb2 21. Qf4 d4 22. Qd2 d3 23. Ne1 Qxc1 0-1

[Event "November 21 Early 2023"]
[Site "https://www.chess.com"]
[Date "2023.11.21"]
[Round "7"]
[White "Timerkhanov, Alexander"]
[Black "Bharath Subramaniyam H"]
[Result "0-1"]
[Board "32"]
[TimeControl "180+1"]
[WhiteFideId "24177938"]
[BlackFideId "46634827"]
[WhiteElo "2278"]
[BlackElo "2435"]
[WhiteTeam "RUS"]
[BlackTeam "IND"]
[WhiteClock "0:00:02"]
[BlackClock "0:00:28"]

1. d4 Nf6 2. Bg5 Ne4 3. h4 c5 4. d5 Qb6 5. Nd2 Nxd2 6. Bxd2 Qxb2 7. Nf3 d6 8. e4 Qb6 9. Bc3 Nd7 10. Bc4 Qc7 11. Qe2 Nb6 12. e5 Nxc4 13. Qxc4 Bd7 14. exd6 exd6 15. Qe4+ Kd8 16. O-O f6 17. h5 h6 18. Nh4 b6 19. Rfe1 Kc8 20. a4 a6 21. Rab1 Rb8 22. Ng6 Rg8 23. Nxf8 Rxf8 24. Qe7 Kb7 25. Qxg7 Rg8 26. Qxh6 Bh3 27. g3 Qf7 28. Qxf6 Qxd5 29. Qe7+ Kc6 30. Qe4 Qxe4 31. Rxe4 Bf5 32. Re7 Bxc2 33. Rc1 Bd3 34. h6 Rb7 35. Rce1 Rgb8 36. g4 b5 37. axb5+ axb5 38. f4 b4 39. Bf6 Rxe7 40. Rxe7 c4 41. h7 Bxh7 42. Rxh7 c3 43. Rh3 c2 44. Bb2 Ra8 45. Rh1 Ra2 46. Bc1 b3 47. Rh2 Ra1 0-1

[Event "November 21 Early 2023"]
[Site "https://www.chess.com"]
[Date "2023.11.21"]
[Round "7"]
[White "Zakaryan, David"]
[Black "Ibarra Jerez, Jose Carlos"]
[Result "1/2-1/2"]
[Board "33"]
[TimeControl "180+1"]
[WhiteFideId "24101923"]
[BlackFideId "2226332"]
[WhiteElo "2323"]
[BlackElo "2634"]
[WhiteTeam "RUS"]
[BlackTeam "ESP"]
[WhiteClock "0:00:12"]
[BlackClock "0:00:04"]

1. d4 Nf6 2. c4 d6 3. Nc3 e5 4. Nf3 e4 5. Ng5 Qe7 6. h4 h6 7. Nh3 c6 8. g3 g6 9. Nf4 Bf5 10. Bg2 h5 11. Qb3 Bg7 12. Be3 O-O 13. Qa3 a6 14. Rd1 Nbd7 15. Nh3 b5 16. Bf4 c5 17. dxc5 dxc5 18. Bd6 Qe8 19. Qa5 Qd8 20. Qxd8 Rfxd8 21. Ng5 Re8 22. cxb5 axb5 23. Nxb5 Rxa2 24. Nc7 Rb8 25. Nd5 Nxd5 26. Bxb8 Rxb2 27. Rxd5 Bc3+ 28. Kd1 Rxb8 29. Bxe4 Nf6 30. Rxf5 gxf5 31. Bxf5 Rb2 32. Bd3 c4 33. Bc2 Ng4 34. Ne4 Bd4 35. Kc1 Ra2 36. Rd1 Bxf2 37. Rd8+ Kg7 38. Rc8 Be3+ 39. Kb1 Ra7 40. Rxc4 Bh6 41. Ng5 Rb7+ 42. Ka2 Ne3 43. Rc3 Nd5 44. Rb3 Rc7 45. Kb1 Nc3+ 46. Kb2 Nxe2 47. Bd1 Nd4 48. Rd3 Nf5 49. Bxh5 Rb7+ 50. Kc2 Re7 51. Kd2 f6 52. Bg4 Kg6 53. Rd5 Ng7 54. Kd1 fxg5 55. hxg5 Bxg5 56. Be2 Bf6 57. Bd3+ Kf7 58. Bc4 Ne6 59. Rd6 Be5 60. Rxe6 Rxe6 61. Bxe6+ Kxe6 62. g4 Bf4 63. g5 Bxg5 1/2-1/2

[Event "November 21 Early 2023"]
[Site "https://www.chess.com"]
[Date "2023.11.21"]
[Round "7"]
[White "Makarian, Rudik"]
[Black "Matinian, Nikita"]
[Result "0-1"]
[Board "34"]
[TimeControl "180+1"]
[WhiteFideId "44105681"]
[BlackFideId "24129100"]
[WhiteElo "2539"]
[BlackElo "2417"]
[WhiteTeam "FID"]
[BlackTeam "FID"]
[WhiteClock "0:00:01"]
[BlackClock "0:00:59"]

1. d4 Nf6 2. c4 g6 3. Nc3 Bg7 4. e4 d6 5. Be2 O-O 6. Be3 Na6 7. Nf3 e5 8. O-O Ng4 9. Bg5 f6 10. Bd2 c6 11. h3 Nh6 12. Be3 Nf7 13. dxe5 dxe5 14. c5 Qe7 15. Bxa6 bxa6 16. Qa4 Bd7 17. Nd2 f5 18. f3 Bh6 19. Bxh6 Qxc5+ 20. Kh2 Nxh6 21. Rad1 Rf7 22. Qc4 Qe7 23. Nb3 Be6 24. Qxc6 Raf8 25. Nc5 Bc8 26. exf5 Nxf5 27. Rfe1 Qh4 28. Qd5 Qg3+ 29. Kh1 Nh4 30. Re2 Bxh3 31. gxh3 Nxf3 32. Qe6 Nd4 33. Rxd4 exd4 34. N5e4 Qf3+ 35. Kh2 dxc3 36. Rf2 Qxe4 37. Qxe4 Rxf2+ 38. Kg1 cxb2 39. Qd5+ Kg7 40. Qd4+ R8f6 41. Qxa7+ Kh6 42. Qe3+ g5 0-1

[Event "November 21 Early 2023"]
[Site "https://www.chess.com"]
[Date "2023.11.21"]
[Round "7"]
[White "reevecanada"]
[Black "Zhigalko, Sergei"]
[Result "0-1"]
[Board "35"]
[TimeControl "180+1"]
[BlackFideId "13502956"]
[WhiteElo "2699"]
[BlackElo "2616"]
[BlackTeam "BLR"]
[WhiteClock "0:01:15"]
[BlackClock "0:00:56"]

1. e4 c5 2. Nf3 Nc6 3. Bb5 Nf6 4. e5 Nd5 5. Bxc6 dxc6 6. d4 Bg4 7. dxc5 e6 8. h3 Bh5 9. a3 Bxc5 10. c4 Nb6 11. Qxd8+ Rxd8 12. Nbd2 O-O 13. b4 Be7 14. Bb2 Bxf3 15. gxf3 Bg5 16. Ne4 Nxc4 17. Nxg5 Nxb2 18. Ke2 Nd3 19. f4 Nxf4+ 20. Ke3 Nd5+ 21. Ke4 Rd7 22. f4 Rfd8 23. Rac1 Ne7 24. Nf3 Nf5 25. Rc3 Ng3+ 0-1

[Event "November 21 Early 2023"]
[Site "https://www.chess.com"]
[Date "2023.11.21"]
[Round "7"]
[White "Mikhailovsky, Vladimir"]
[Black "Shuvalova, Polina"]
[Result "0-1"]
[Board "36"]
[TimeControl "180+1"]
[WhiteFideId "34105414"]
[BlackFideId "24171760"]
[WhiteElo "2257"]
[BlackElo "2342"]
[WhiteTeam "RUS"]
[BlackTeam "RUS"]
[WhiteClock "0:00:00"]
[BlackClock "0:00:04"]

1. e4 c6 2. d4 d5 3. Nc3 dxe4 4. Nge2 Nf6 5. Ng3 Nbd7 6. Ncxe4 Nxe4 7. Nxe4 Nf6 8. Nxf6+ exf6 9. Bc4 Bd6 10. Qe2+ Qe7 11. Qxe7+ Kxe7 12. Be3 Be6 13. Bd3 Rhd8 14. c3 Rac8 15. O-O-O Bxa2 16. c4 b5 17. Bf5 Rb8 18. cxb5 cxb5 19. Kd2 Bd5 20. f3 a5 21. Be4 Bb4+ 22. Ke2 Rbc8 23. Rc1 Bc4+ 24. Bd3 Bxd3+ 25. Kxd3 a4 26. g4 Ke6 27. Ke4 g6 28. d5+ Kd7 29. Bd4 Re8+ 30. Kd3 f5 31. gxf5 gxf5 32. Rhg1 Rxc1 33. Rxc1 Bd6 34. Rc6 Bxh2 35. Rh6 Be5 36. Rxh7 Bxd4 37. Kxd4 Re2 38. Rxf7+ Ke8 39. Ra7 Rxb2 40. Ke5 Rb3 41. d6 Re3+ 42. Kxf5 a3 43. Rb7 a2 44. Ra7 Re2 0-1

[Event "November 21 Early 2023"]
[Site "https://www.chess.com"]
[Date "2023.11.21"]
[Round "7"]
[White "Sadykov, Ramil"]
[Black "Gokerkan, Cem Kaan"]
[Result "0-1"]
[Board "37"]
[TimeControl "180+1"]
[WhiteFideId "24113590"]
[BlackFideId "6336760"]
[WhiteElo "2245"]
[BlackElo "2365"]
[WhiteTeam "FID"]
[BlackTeam "TUR"]
[WhiteClock "0:00:00"]
[BlackClock "0:00:09"]

1. e4 c5 2. Nf3 d6 3. Bb5+ Nd7 4. c4 Nf6 5. Nc3 g6 6. O-O Bg7 7. d4 cxd4 8. Qxd4 O-O 9. Bxd7 Nxd7 10. Qe3 Nc5 11. Bd2 Bg4 12. Rac1 Rc8 13. h3 Bxf3 14. Qxf3 Ne6 15. b3 a6 16. Qd3 Re8 17. Be3 Qa5 18. Nd5 Qxa2 19. f4 Nc5 20. Bxc5 dxc5 21. e5 Qa5 22. f5 Bxe5 23. fxg6 hxg6 24. Qf3 f6 25. Qg4 Kg7 26. Rce1 Qd8 27. Rxe5 fxe5 28. Qe6 Rf8 29. Qxe5+ Kh7 30. Re1 Rf7 31. Re4 e6 32. Qxe6 Rf8 33. Ne7 Qd1+ 34. Kh2 Rc6 35. Rh4+ Kg7 36. Nxc6 bxc6 37. Qe7+ Rf7 38. Qe5+ Rf6 39. Qe7+ Rf7 40. Qe5+ Rf6 0-1

[Event "November 21 Early 2023"]
[Site "https://www.chess.com"]
[Date "2023.11.21"]
[Round "7"]
[White "Sychev, Klementy"]
[Black "Diaz Perez, Michel Alejandro"]
[Result "1/2-1/2"]
[Board "38"]
[TimeControl "180+1"]
[WhiteFideId "4114060"]
[BlackFideId "3517179"]
[WhiteElo "2583"]
[BlackElo "2398"]
[WhiteTeam "FID"]
[BlackTeam "CUB"]
[WhiteClock "0:00:19"]
[BlackClock "0:00:22"]

1. e4 c5 2. Nf3 Nc6 3. d4 cxd4 4. Nxd4 Nf6 5. Nc3 e5 6. Ndb5 d6 7. Bg5 a6 8. Na3 b5 9. Bxf6 gxf6 10. Nd5 Bg7 11. g3 Ne7 12. Nxe7 Qxe7 13. Bg2 O-O 14. c3 Rb8 15. Nc2 f5 16. exf5 Bxf5 17. Ne3 Be6 18. O-O b4 19. Qd3 bxc3 20. bxc3 Rfc8 21. Rad1 Rb6 22. Nf5 Bxf5 23. Qxf5 Rxc3 24. Be4 h6 25. Rc1 Qc7 26. Rb1 Rxb1 27. Rxb1 Rc1+ 28. Rxc1 Qxc1+ 29. Kg2 Qc7 30. Bd5 a5 31. a4 Kf8 32. h4 Kg8 33. g4 Qe7 34. g5 hxg5 35. hxg5 Kf8 36. Kf1 e4 37. g6 e3 38. Bc4 exf2 39. Kg2 Bh6 40. Bxf7 Qg5+ 41. Qxg5 Bxg5 42. Kxf2 Kg7 43. Kf3 Bf6 44. Ke4 Be5 45. Kd5 Bg3 46. Kc6 Bf4 47. Kb6 Bd2 48. Kc6 Bb4 49. Kd5 Bc5 50. Ke6 Bb4 51. Kd5 Bc5 52. Ke6 Bb4 53. Kd5 1/2-1/2

[Event "November 21 Early 2023"]
[Site "https://www.chess.com"]
[Date "2023.11.21"]
[Round "7"]
[White "Galaktionov, Artem"]
[Black "Ovetchkin, Roman"]
[Result "1-0"]
[Board "39"]
[TimeControl "180+1"]
[WhiteFideId "24175471"]
[BlackFideId "4119991"]
[WhiteElo "2367"]
[BlackElo "2381"]
[WhiteTeam "RUS"]
[BlackTeam "RUS"]
[WhiteClock "0:02:02"]
[BlackClock "0:00:27"]

1. d4 Nf6 2. Nf3 g6 3. c4 Bg7 4. Nc3 O-O 5. e4 d6 6. Be2 e5 7. O-O Nc6 8. d5 Ne7 9. Ne1 Nd7 10. f3 f5 11. g4 f4 12. h4 Nf6 13. Bd2 c6 14. Nd3 b5 15. b3 b4 16. Na4 a5 17. a3 bxa3 18. Rxa3 cxd5 19. cxd5 Nexd5 20. exd5 Nxd5 21. Nf2 Kh8 22. g5 Ne3 23. Bxe3 fxe3 24. Ng4 Bxg4 25. fxg4 Rxf1+ 26. Qxf1 d5 27. Nc5 Qd6 28. b4 Rf8 29. Qc1 e4 30. Qxe3 axb4 31. Ra6 Bd4 32. Qxd4+ 1-0

[Event "November 21 Early 2023"]
[Site "https://www.chess.com"]
[Date "2023.11.21"]
[Round "7"]
[White "Trost, Edvin"]
[Black "Yeletsky, Ivan"]
[Result "1-0"]
[Board "40"]
[TimeControl "180+1"]
[WhiteFideId "1729519"]
[BlackFideId "24180327"]
[WhiteElo "2385"]
[BlackElo "2358"]
[WhiteTeam "SWE"]
[BlackTeam "RUS"]
[WhiteClock "0:00:26"]
[BlackClock "0:00:00"]

1. e4 Nf6 2. Nc3 d5 3. e5 d4 4. exf6 dxc3 5. fxe7 Qxe7+ 6. Qe2 cxb2 7. Bxb2 Be6 8. g3 Bd5 9. f3 Nc6 10. Bh3 Qxe2+ 11. Kxe2 f6 12. d4 Kf7 13. Kf2 Na5 14. Bc3 Nc4 15. Ne2 Bd6 16. Nf4 Bxf4 17. gxf4 Rhe8 18. Rhe1 Na3 19. Bf5 g6 20. Be4 Bxe4 21. Rxe4 a6 22. Bb2 Nc4 23. Bc3 Nd6 24. Rxe8 Rxe8 25. Bb4 Nc4 26. a4 a5 27. Bc3 Ke6 28. d5+ Kxd5 29. Bxf6 Kc6 30. Rd1 b5 31. axb5+ Kxb5 32. Rd7 Kc6 33. Rxh7 a4 34. Rg7 Re6 35. Rxg6 a3 36. f5 Rd6 37. Bc3 Kd5 38. h4 Rd7 39. h5 Nd6 40. f6 Rh7 41. h6 Ke6 42. Rg7 Rxh6 43. Rxc7 Nb5 44. Re7+ Kd6 45. Bb4+ Kd5 46. f7 Rf6 47. Rb7 a2 48. Rxb5+ Kc4 49. Ra5 Kxb4 50. Rxa2 Rxf7 51. Ra8 Kc3 52. Rc8+ Kd4 53. Re8 Kc3 54. Re2 Rf6 55. Kg3 Rg6+ 56. Kf4 Rf6+ 57. Kg4 Kd4 58. f4 Rf8 59. f5 Rg8+ 60. Kf4 Rg1 61. f6 Rf1+ 62. Kg5 Rg1+ 63. Kh6 1-0

[Event "November 21 Early 2023"]
[Site "https://www.chess.com"]
[Date "2023.11.21"]
[Round "7"]
[White "Rakhmanov, Aleksandr"]
[Black "Koellner, Ruben Gideon"]
[Result "1-0"]
[Board "41"]
[TimeControl "180+1"]
[WhiteFideId "4173708"]
[BlackFideId "12993093"]
[WhiteElo "2521"]
[BlackElo "2347"]
[WhiteTeam "FID"]
[BlackTeam "GER"]
[WhiteClock "0:00:13"]
[BlackClock "0:00:07"]

1. d4 d6 2. Nf3 Nf6 3. g3 Nbd7 4. Bg2 e5 5. O-O Be7 6. Nc3 O-O 7. e4 c6 8. h3 b5 9. a3 Bb7 10. Be3 a5 11. Nh4 Re8 12. dxe5 dxe5 13. Nf5 Bf8 14. Nd6 Bxd6 15. Qxd6 Qb8 16. Rfd1 Qxd6 17. Rxd6 b4 18. Na4 Kf8 19. Nc5 Nxc5 20. Bxc5 Kg8 21. axb4 axb4 22. Rxa8 Rxa8 23. Bxb4 h5 24. Ba3 c5 25. f3 c4 26. c3 Rc8 27. Bf1 h4 28. g4 Nh7 29. Rb6 Ba8 30. Rb4 Ng5 31. Kf2 Rd8 32. Rxc4 Kh7 33. Rc7 Rd2+ 34. Ke3 Rd1 35. Ke2 Rc1 36. c4 Ne6 37. Rxf7 Rxc4 38. Kd2 Rd4+ 39. Ke1 Bc6 40. Be7 Kg6 41. Rf5 Ba4 42. Rxe5 Rd1+ 43. Kf2 Nf4 44. Bxh4 Bc2 45. Rg5+ Kh7 46. Ra5 Bd3 47. Bxd3 Rxd3 48. Bg3 Nxh3+ 49. Kg2 Rd2+ 50. Kxh3 Rxb2 51. Ra7 Rb3 52. Kg2 Rb2+ 53. Bf2 Rb3 54. Bd4 Rb7 55. Rxb7 Kh6 56. Rb5 g5 57. f4 Kg6 58. Kf3 Kh7 59. Rxg5 Kh6 60. e5 Kh7 61. e6 Kh6 62. e7 Kh7 63. e8=Q Kh6 64. Qh8# 1-0

[Event "November 21 Early 2023"]
[Site "https://www.chess.com"]
[Date "2023.11.21"]
[Round "7"]
[White "Arhan_Anand"]
[Black "Dragun, Kamil"]
[Result "0-1"]
[Board "42"]
[TimeControl "180+1"]
[BlackFideId "1134167"]
[WhiteElo "2655"]
[BlackElo "2551"]
[BlackTeam "POL"]
[WhiteClock "0:00:11"]
[BlackClock "0:00:23"]

1. d4 Nf6 2. c4 e6 3. Nf3 d5 4. Nc3 c6 5. e3 Nbd7 6. Be2 Bd6 7. O-O O-O 8. b3 b6 9. Bb2 Bb7 10. Bd3 Rc8 11. Rc1 Re8 12. Re1 Qe7 13. Bb1 Nf8 14. e4 dxe4 15. Nxe4 Nxe4 16. Bxe4 Ng6 17. Qc2 Bb4 18. Re3 Qc7 19. Ne5 Bd6 20. Rh3 Bxe5 21. dxe5 c5 22. Bxb7 Qxb7 23. Rd1 Rcd8 24. Rxd8 Rxd8 25. Re3 Nf4 26. f3 Qd7 27. Bc3 Qd1+ 28. Qxd1 Rxd1+ 29. Kf2 Rc1 30. g3 Rc2+ 31. Kf1 Nh3 32. Rd3 g5 33. Bd2 h5 34. a4 Kg7 35. a5 bxa5 36. Ke1 Kg6 37. Rd7 Ng1 38. Rd3 Rb2 39. Kd1 Ra2 40. Kc1 a4 41. bxa4 Rxa4 42. Kb2 Rxc4 43. Kb3 Rd4 44. Kc3 Rxd3+ 45. Kxd3 Nxf3 46. Bc3 Nxh2 47. Kc4 Nf1 48. Kxc5 0-1

[Event "November 21 Early 2023"]
[Site "https://www.chess.com"]
[Date "2023.11.21"]
[Round "7"]
[White "Nagare Kaivalya Sandip"]
[Black "Pakleza, Zbigniew"]
[Result "0-1"]
[Board "43"]
[TimeControl "180+1"]
[WhiteFideId "25957929"]
[BlackFideId "1119290"]
[WhiteElo "2024"]
[BlackElo "2410"]
[WhiteTeam "IND"]
[BlackTeam "POL"]
[WhiteClock "0:00:55"]
[BlackClock "0:00:07"]

1. e4 d6 2. d4 Nf6 3. Nc3 c6 4. f4 Qb6 5. Nf3 Bg4 6. Ne5 Bxd1 7. Nc4 Qc7 8. Kxd1 Nxe4 9. Nxe4 d5 10. Ncd2 dxe4 11. Nxe4 Nd7 12. Bd3 Nf6 13. Nxf6+ gxf6 14. Be3 O-O-O 15. c3 e5 16. fxe5 fxe5 17. Kc2 exd4 18. Bxd4 Rxd4 19. cxd4 Bg7 20. Rad1 Kb8 21. Bc4 Rd8 22. Rhf1 Bxd4 23. Rxf7 Qxh2 24. Rd2 Bb6 25. Re2 Bc5 26. Rf3 b5 27. Bd3 h6 28. Be4 Kc7 29. Rc3 Qd6 30. Kb3 a5 31. a4 bxa4+ 32. Kxa4 Rb8 33. Rd3 Rb4+ 34. Kxa5 Bb6+ 35. Ka6 Ra4# 0-1

[Event "November 21 Early 2023"]
[Site "https://www.chess.com"]
[Date "2023.11.21"]
[Round "7"]
[White "Ahmad, Khagan"]
[Black "Sonis, Francesco"]
[Result "1-0"]
[Board "44"]
[TimeControl "180+1"]
[WhiteFideId "13431552"]
[BlackFideId "895733"]
[WhiteElo "2160"]
[BlackElo "2435"]
[WhiteTeam "AZE"]
[BlackTeam "ITA"]
[WhiteClock "0:00:08"]
[BlackClock "0:01:26"]

1. Nf3 d5 2. d4 c6 3. c4 e6 4. e3 f5 5. Nc3 Nf6 6. Ne5 Bd6 7. f4 O-O 8. Be2 b6 9. O-O Bb7 10. b3 Qe7 11. Bb2 Nbd7 12. Bf3 Ne4 13. Rc1 a6 14. cxd5 exd5 15. Nxe4 fxe4 16. Bg4 Nf6 17. Nxc6 Bxc6 18. Rxc6 Ba3 19. Bxa3 Qxa3 20. Be6+ Kh8 21. Qc2 b5 22. g4 h6 23. g5 hxg5 24. fxg5 Nh7 25. Rxf8+ Rxf8 26. g6 Ng5 27. Qd1 Nf3+ 28. Kh1 Qe7 29. Qf1 Nh4 30. Qh3 Qf6 31. Bf7 Qf2 32. Rc1 Qf3+ 33. Qxf3 exf3 34. Kg1 Nf5 35. Kf2 Nd6 36. Bxd5 Rf6 37. Rg1 b4 38. Rg5 Nf5 39. Rh5+ Nh6 40. Re5 Rf8 41. h3 a5 42. Bf7 a4 43. Re8 Rxe8 44. Bxe8 a3 45. d5 Nf5 46. Kxf3 Kg8 47. e4 Nd4+ 48. Ke3 Nxb3 49. d6 Nc5 50. d7 Nb7 51. Kd4 Kf8 52. Kc4 Ke7 53. Kxb4 Nd6 54. e5 Ne4 55. Kxa3 Ng5 56. Kb4 Nxh3 57. a4 Nf4 58. a5 Nd3+ 59. Kb5 Nxe5 60. a6 1-0

[Event "November 21 Early 2023"]
[Site "https://www.chess.com"]
[Date "2023.11.21"]
[Round "7"]
[White "Degenbaev, Aziz"]
[Black "Molina, Roberto Junio Brito"]
[Result "0-1"]
[Board "45"]
[TimeControl "180+1"]
[WhiteFideId "13802640"]
[BlackFideId "2109450"]
[WhiteElo "2083"]
[BlackElo "2389"]
[WhiteTeam "KGZ"]
[BlackTeam "BRA"]
[WhiteClock "0:00:00"]
[BlackClock "0:00:06"]

1. d4 d5 2. c4 c6 3. Nf3 Nf6 4. Nc3 dxc4 5. a4 Bf5 6. Ne5 e6 7. e3 Bb4 8. Bxc4 Nbd7 9. Nd3 Be7 10. Qe2 Ne4 11. O-O O-O 12. Bb3 Nxc3 13. bxc3 Bxd3 14. Qxd3 Nc5 15. Qc2 Nxb3 16. Qxb3 b6 17. e4 c5 18. Be3 cxd4 19. cxd4 Qd7 20. Rfd1 Rfc8 21. Qb5 Qb7 22. d5 exd5 23. Rxd5 Bf8 24. a5 Qe7 25. Qd3 bxa5 26. Rdxa5 Rd8 27. Rd5 Rxd5 28. Qxd5 Rd8 29. Qc6 Rd6 30. Qa8 Rd8 31. Qc6 Rd6 32. Qc4 Rd7 33. h3 g6 34. Qc8 Rd8 35. Qc2 Rd7 36. Ra6 h5 37. Qc4 Kh7 38. Qe2 Bg7 39. f3 Rc7 40. Ra2 Qd7 41. Rc2 Rxc2 42. Qxc2 Bd4 43. Bxd4 Qxd4+ 44. Qf2 Qa1+ 45. Kh2 a5 46. f4 a4 47. f5 Qe5+ 48. Kg1 gxf5 49. exf5 a3 50. f6 Kg6 51. g4 hxg4 52. hxg4 Qa1+ 53. Kg2 Qb2 0-1